3159 views
Uploaded 2020-03-30 22:46:48
Game version 1.32.3
19:35 long 3on3 ladder game on (6)GnollWood
Saved by BEARAND
3159 views
Uploaded 2020-03-30 22:46:48
Game version 1.32.3
19:35 long 3on3 ladder game on (6)GnollWood


57 units @ 4.3k
/ 0.1k
176 buildings @ 11.9k
/ 5k



| Orb of Venom | 1 | 325 |
| Boots of Speed | 3 | 750 |
| Staff of Teleportation | 3 | 450 |
| Circlet of Nobility | 3 | 525 |
| Staff of Sanctuary | 3 | 750 |
| total: | 13 | 2800g |
| Wisp | 22 | 1320 | / | 0 |
| total: | 22 | 1320g | / | 0w |
| Altar of Elders | 1 | 180 | / | 50 |
| Moon Well | 15 | 2700 | / | 600 |
| Tree of Life | 1 | 340 | / | 185 |
| Ancient of Wonders | 1 | 90 | / | 30 |
| Hunter's Hall | 1 | 210 | / | 100 |
| Ancient of Wind | 1 | 150 | / | 140 |
| Tree of Ages | 1 | 320 | / | 180 |
| Tree of Eternity | 1 | 330 | / | 200 |
| total: | 20 | 3670g | / | 1105w |
| 0:03 | Wisp |
| 0:03 | Wisp |
| 0:03 | Wisp |
| 0:06 | Altar of Elders |
| 0:15 | Moon Well |
| 0:21 | Wisp |
| 0:40 | Moon Well |
| 1:01 | Wisp |
| 1:01 | Wisp |
| 1:01 | Wisp |
| 1:01 | Wisp |
| 1:11 | Wisp |
| 1:21 | Wisp |
| 1:37 | Wisp |
| 1:37 | Wisp |
| 2:12 | Wisp |
| 2:16 | Wisp |
| 2:16 | Wisp |
| 2:26 | Entangling Roots |
| 2:28 | Wisp |
| 2:28 | Wisp |
| 3:05 | Wisp |
| 3:05 | Wisp |
| 3:35 | Wisp |
| 3:42 | Boots of Speed |
| 3:43 | Staff of Teleportation |
| 4:27 | Wisp |
| 4:27 | Wisp |
| 5:05 | Tree of Ages |
| 5:07 | Moon Well |
| 5:08 | Moon Well |
| 6:09 | Thorns Aura |
| 6:18 | Tree of Life |
| 8:26 | Tree of Eternity |
| 8:30 | Moon Well |
| 8:31 | Moon Well |
| 9:10 | Ancient of Wonders |
| 9:21 | Trueshot Aura |
| 9:54 | Boots of Speed |
| 9:54 | Staff of Teleportation |
| 10:47 | Orb of Venom |
| 10:53 | Hunter's Hall |
| 11:58 | Entangling Roots |
| 12:28 | Forked Lightning |
| 12:45 | Staff of Teleportation |
| 12:45 | Boots of Speed |
| 13:10 | Moon Well |
| 13:11 | Moon Well |
| 13:19 | Moon Well |
| 13:44 | Searing Arrows |
| 14:04 | Ultravision |
| 14:04 | Well Spring |
| 14:09 | Ancient of Wind |
| 14:13 | Moon Well |
| 14:15 | Moon Well |
| 14:19 | Staff of Sanctuary |
| 15:13 | Frost Arrows |
| 16:52 | Thorns Aura |
| 17:12 | Moon Well |
| 17:16 | Moon Well |
| 17:17 | Moon Well |
| 17:18 | Moon Well |
| 17:33 | Strength of the Wild |
| 17:47 | Staff of Sanctuary |
| 17:51 | Staff of Sanctuary |
| 18:05 | Circlet of Nobility |
| 18:26 | Circlet of Nobility |
| 19:13 | Circlet of Nobility |
| Right click | 1483 |
| Select group | 714 |
| Select | 161 |
| Resource trade | 126 |
| Build/train/purchase | 60 |
| Use ability | 47 |
| Chat | 35 |
| Misc. action | 14 |
| Minimap ping | 10 |
| Assign group | 7 |
| Item give/drop | 1 |
| Esc | 1 |



| Potion of Healing | 2 | 300 |
| Staff of Sanctuary | 3 | 750 |
| Staff of Teleportation | 4 | 600 |
| Boots of Speed | 3 | 750 |
| Periapt of Vitality | 1 | 325 |
| Circlet of Nobility | 1 | 175 |
| Orb of Venom | 2 | 650 |
| total: | 16 | 3550g |
| Peasant | 12 | 900 | / | 0 |
| Priest | 1 | 135 | / | 10 |
| total: | 13 | 1035g | / | 10w |
| Scout Tower | 127 | 3810 | / | 2540 |
| Arcane Tower | 4 | 280 | / | 200 |
| Guard Tower | 75 | 5250 | / | 3750 |
| Altar of Kings | 1 | 180 | / | 50 |
| Farm | 5 | 400 | / | 100 |
| Lumber Mill | 1 | 120 | / | 0 |
| Arcane Vault | 3 | 390 | / | 90 |
| Arcane Sanctum | 1 | 150 | / | 140 |
| Keep | 1 | 320 | / | 210 |
| Castle | 1 | 360 | / | 210 |
| total: | 138 | 5050g | / | 2920w |
| 0:01 | Peasant |
| 0:02 | Peasant |
| 0:07 | Altar of Kings |
| 0:13 | Peasant |
| 0:17 | Farm |
| 0:30 | Lumber Mill |
| 0:35 | Peasant |
| 0:40 | Scout Tower |
| 0:55 | Peasant |
| 1:01 | Peasant |
| 1:09 | Scout Tower |
| 1:23 | Peasant |
| 1:29 | Scout Tower |
| 1:33 | Farm |
| 1:35 | Arcane Tower |
| 1:37 | Scout Tower |
| 1:37 | Scout Tower |
| 1:38 | Arcane Tower |
| 1:39 | Scout Tower |
| 1:42 | Scout Tower |
| 1:45 | Peasant |
| 2:03 | Arcane Tower |
| 2:05 | Scout Tower |
| 2:05 | Guard Tower |
| 2:07 | Blizzard |
| 2:11 | Guard Tower |
| 2:13 | Scout Tower |
| 2:17 | Peasant |
| 2:18 | Peasant |
| 2:18 | Peasant |
| 2:18 | Peasant |
| 2:21 | Guard Tower |
| 2:22 | Scout Tower |
| 2:45 | Guard Tower |
| 2:46 | Scout Tower |
| 2:47 | Scout Tower |
| 2:49 | Guard Tower |
| 2:50 | Scout Tower |
| 2:51 | Guard Tower |
| 3:05 | Scout Tower |
| 3:06 | Scout Tower |
| 3:08 | Scout Tower |
| 3:13 | Improved Masonry |
| 3:15 | Guard Tower |
| 3:37 | Guard Tower |
| 3:38 | Guard Tower |
| 3:39 | Scout Tower |
| 3:39 | Keep |
| 4:00 | Farm |
| 4:00 | Farm |
| 4:03 | Guard Tower |
| 4:03 | Scout Tower |
| 4:05 | Scout Tower |
| 4:05 | Scout Tower |
| 4:07 | Guard Tower |
| 4:08 | Scout Tower |
| 4:09 | Scout Tower |
| 4:11 | Scout Tower |
| 4:12 | Guard Tower |
| 4:14 | Guard Tower |
| 4:16 | Scout Tower |
| 4:17 | Scout Tower |
| 4:17 | Scout Tower |
| 4:20 | Staff of Teleportation |
| 4:25 | Boots of Speed |
| 4:35 | Guard Tower |
| 4:48 | Farm |
| 5:18 | Guard Tower |
| 5:20 | Guard Tower |
| 5:21 | Guard Tower |
| 5:22 | Scout Tower |
| 5:23 | Scout Tower |
| 5:23 | Scout Tower |
| 5:24 | Scout Tower |
| 5:24 | Scout Tower |
| 5:24 | Scout Tower |
| 6:03 | Brilliance Aura |
| 6:07 | Scout Tower |
| 6:08 | Scout Tower |
| 6:08 | Scout Tower |
| 6:09 | Scout Tower |
| 6:09 | Scout Tower |
| 6:10 | Scout Tower |
| 6:10 | Scout Tower |
| 6:11 | Scout Tower |
| 6:12 | Scout Tower |
| 6:14 | Guard Tower |
| 6:26 | Advanced Masonry |
| 6:37 | Guard Tower |
| 6:39 | Scout Tower |
| 6:40 | Scout Tower |
| 6:41 | Scout Tower |
| 6:47 | Guard Tower |
| 6:47 | Guard Tower |
| 6:48 | Arcane Tower |
| 6:56 | Scout Tower |
| 6:57 | Scout Tower |
| 6:57 | Scout Tower |
| 7:15 | Guard Tower |
| 7:21 | Storm Bolt |
| 7:40 | Guard Tower |
| 7:48 | Arcane Vault |
| 7:53 | Scout Tower |
| 8:13 | Guard Tower |
| 8:27 | Scout Tower |
| 8:28 | Scout Tower |
| 8:29 | Guard Tower |
| 8:30 | Scout Tower |
| 8:33 | Scout Tower |
| 8:34 | Scout Tower |
| 8:35 | Scout Tower |
| 8:35 | Scout Tower |
| 8:36 | Scout Tower |
| 8:36 | Scout Tower |
| 8:37 | Guard Tower |
| 8:39 | Scout Tower |
| 8:39 | Scout Tower |
| 8:41 | Guard Tower |
| 8:51 | Boots of Speed |
| 8:51 | Staff of Teleportation |
| 9:00 | Guard Tower |
| 9:01 | Castle |
| 9:23 | Guard Tower |
| 9:25 | Arcane Sanctum |
| 9:28 | Guard Tower |
| 9:29 | Scout Tower |
| 9:30 | Scout Tower |
| 9:37 | Guard Tower |
| 9:38 | Guard Tower |
| 9:44 | Arcane Vault |
| 9:57 | Guard Tower |
| 10:00 | Scout Tower |
| 10:01 | Scout Tower |
| 10:02 | Scout Tower |
| 10:03 | Guard Tower |
| 10:13 | Guard Tower |
| 10:17 | Scout Tower |
| 10:18 | Scout Tower |
| 10:23 | Guard Tower |
| 10:36 | Arcane Vault |
| 11:02 | Guard Tower |
| 11:19 | Potion of Healing |
| 11:22 | Guard Tower |
| 11:30 | Staff of Sanctuary |
| 11:33 | Potion of Healing |
| 11:43 | Scout Tower |
| 11:45 | Scout Tower |
| 11:46 | Scout Tower |
| 11:47 | Scout Tower |
| 11:47 | Scout Tower |
| 11:48 | Scout Tower |
| 11:48 | Scout Tower |
| 11:50 | Imbued Masonry |
| 11:54 | Magic Sentry |
| 11:56 | Guard Tower |
| 11:58 | Scout Tower |
| 11:59 | Scout Tower |
| 12:11 | Staff of Sanctuary |
| 12:14 | Priest |
| 12:26 | Scout Tower |
| 12:26 | Scout Tower |
| 12:27 | Scout Tower |
| 12:27 | Scout Tower |
| 12:28 | Guard Tower |
| 12:29 | Guard Tower |
| 12:30 | Scout Tower |
| 12:31 | Scout Tower |
| 12:32 | Scout Tower |
| 12:32 | Scout Tower |
| 12:49 | Guard Tower |
| 12:50 | Scout Tower |
| 12:51 | Scout Tower |
| 13:04 | Holy Light |
| 13:10 | Guard Tower |
| 13:12 | Scout Tower |
| 13:14 | Scout Tower |
| 13:14 | Scout Tower |
| 13:16 | Guard Tower |
| 13:17 | Guard Tower |
| 13:26 | Scout Tower |
| 13:26 | Scout Tower |
| 13:26 | Scout Tower |
| 13:29 | Boots of Speed |
| 13:29 | Staff of Teleportation |
| 13:36 | Staff of Teleportation |
| 14:00 | Guard Tower |
| 14:10 | Guard Tower |
| 14:23 | Guard Tower |
| 14:26 | Orb of Venom |
| 14:41 | Blizzard |
| 15:04 | Guard Tower |
| 15:36 | Guard Tower |
| 15:38 | Guard Tower |
| 15:39 | Guard Tower |
| 15:41 | Guard Tower |
| 15:43 | Scout Tower |
| 15:43 | Scout Tower |
| 15:45 | Scout Tower |
| 15:46 | Scout Tower |
| 15:47 | Scout Tower |
| 15:48 | Scout Tower |
| 16:09 | Bash |
| 16:46 | Guard Tower |
| 16:46 | Guard Tower |
| 16:50 | Scout Tower |
| 16:51 | Scout Tower |
| 17:05 | Scout Tower |
| 17:05 | Scout Tower |
| 17:07 | Guard Tower |
| 17:09 | Scout Tower |
| 17:09 | Scout Tower |
| 17:10 | Scout Tower |
| 17:10 | Scout Tower |
| 17:11 | Scout Tower |
| 17:12 | Scout Tower |
| 17:12 | Scout Tower |
| 17:13 | Scout Tower |
| 17:14 | Scout Tower |
| 17:14 | Scout Tower |
| 17:23 | Guard Tower |
| 17:33 | Periapt of Vitality |
| 17:34 | Circlet of Nobility |
| 17:35 | Guard Tower |
| 17:36 | Guard Tower |
| 17:37 | Scout Tower |
| 17:37 | Scout Tower |
| 17:38 | Scout Tower |
| 17:39 | Scout Tower |
| 17:47 | Guard Tower |
| 17:53 | Orb of Venom |
| 18:00 | Guard Tower |
| 18:02 | Guard Tower |
| 18:05 | Staff of Sanctuary |
| 18:31 | Scout Tower |
| 18:32 | Scout Tower |
| 18:33 | Scout Tower |
| 18:33 | Scout Tower |
| 18:35 | Scout Tower |
| 18:35 | Scout Tower |
| 18:35 | Scout Tower |
| 18:36 | Scout Tower |
| 18:54 | Scout Tower |
| 18:54 | Scout Tower |
| 18:56 | Scout Tower |
| 18:56 | Scout Tower |
| 19:30 | Divine Shield |
| Right click | 1617 |
| Select | 744 |
| Select group | 167 |
| Build/train/purchase | 138 |
| Use ability | 68 |
| Chat | 67 |
| Assign group | 7 |
| Item give/drop | 6 |
| Misc. action | 4 |
| Minimap ping | 3 |


| Staff of Preservation | 2 | 300 |
| Orb of Venom | 1 | 325 |
| Potion of Healing | 3 | 450 |
| Moonstone | 1 | 50 |
| Potion of Mana | 1 | 200 |
| Boots of Speed | 2 | 500 |
| Circlet of Nobility | 1 | 175 |
| Staff of Teleportation | 2 | 300 |
| Scroll of Regeneration | 1 | 100 |
| total: | 14 | 2400g |
| Wisp | 16 | 960 | / | 0 |
| Hippogryph | 6 | 960 | / | 120 |
| total: | 22 | 1920g | / | 120w |
| Altar of Elders | 1 | 180 | / | 50 |
| Moon Well | 13 | 2340 | / | 520 |
| Hunter's Hall | 2 | 420 | / | 200 |
| Ancient of Wonders | 1 | 90 | / | 30 |
| Ancient of Wind | 1 | 150 | / | 140 |
| Tree of Ages | 1 | 320 | / | 180 |
| Tree of Eternity | 2 | 660 | / | 400 |
| total: | 18 | 3180g | / | 940w |
| 0:01 | Wisp |
| 0:10 | Altar of Elders |
| 0:12 | Wisp |
| 0:16 | Moon Well |
| 0:18 | Wisp |
| 0:34 | Wisp |
| 0:49 | Wisp |
| 1:01 | Moon Well |
| 1:08 | Wisp |
| 1:18 | Wisp |
| 1:26 | Wisp |
| 1:40 | Wisp |
| 1:59 | Wisp |
| 2:12 | Mana Burn |
| 2:16 | Wisp |
| 2:19 | Moon Well |
| 2:27 | Wisp |
| 3:06 | Tree of Ages |
| 3:54 | Moon Well |
| 4:19 | Moon Well |
| 4:47 | Boots of Speed |
| 4:49 | Circlet of Nobility |
| 5:11 | Staff of Teleportation |
| 6:16 | Tree of Eternity |
| 6:56 | Shadow Strike |
| 7:09 | Boots of Speed |
| 7:18 | Staff of Teleportation |
| 8:04 | Moon Well |
| 8:27 | Hunter's Hall |
| 8:31 | Hunter's Hall |
| 8:57 | Ancient of Wind |
| 9:06 | Moon Well |
| 9:12 | Wisp |
| 9:12 | Wisp |
| 9:36 | Ancient of Wonders |
| 9:37 | Wisp |
| 9:38 | Well Spring |
| 9:51 | Evasion |
| 10:05 | Moon Well |
| 10:15 | Staff of Preservation |
| 10:41 | Orb of Venom |
| 11:09 | Potion of Healing |
| 11:17 | Nature's Blessing |
| 11:58 | Moon Well |
| 12:01 | Moon Well |
| 12:05 | Scroll of Regeneration |
| 12:21 | Staff of Preservation |
| 12:23 | Moonstone |
| 12:45 | Hippogryph |
| 12:45 | Hippogryph |
| 12:48 | Strength of the Wild |
| 12:54 | Reinforced Hides |
| 13:12 | Moon Well |
| 13:39 | Wisp |
| 13:44 | Blink |
| 13:51 | Moon Well |
| 14:19 | Moon Well |
| 15:19 | Potion of Mana |
| 15:19 | Potion of Healing |
| 15:19 | Potion of Healing |
| 15:28 | Mana Burn |
| 16:54 | Hippogryph |
| 16:54 | Hippogryph |
| 17:22 | Shadow Strike |
| 17:57 | Hippogryph |
| 17:57 | Hippogryph |
| 17:59 | Improved Strength of the Wild |
| 18:00 | Improved Reinforced Hides |
| Right click | 1278 |
| Select group | 392 |
| Assign group | 342 |
| Select | 220 |
| Chat | 160 |
| Build/train/purchase | 107 |
| Use ability | 65 |
| Resource trade | 63 |
| Misc. action | 8 |
| Item give/drop | 2 |
| Minimap ping | 1 |
125 units @ 19.2k
/ 3.8k
47 buildings @ 6.7k
/ 2.5k

| Potion of Healing | 1 | 150 |
| Scroll of Town Portal | 2 | 700 |
| Boots of Speed | 1 | 250 |
| total: | 4 | 1100g |
| Wisp | 12 | 720 | / | 0 |
| Archer | 9 | 1170 | / | 90 |
| Glaive Thrower | 18 | 3780 | / | 1170 |
| total: | 39 | 5670g | / | 1260w |
| Altar of Elders | 1 | 180 | / | 50 |
| Moon Well | 7 | 1260 | / | 280 |
| Ancient of War | 2 | 300 | / | 120 |
| Ancient of Wonders | 1 | 90 | / | 30 |
| Hunter's Hall | 1 | 210 | / | 100 |
| Tree of Ages | 1 | 320 | / | 180 |
| total: | 12 | 2040g | / | 580w |
| 0:05 | Wisp |
| 0:06 | Wisp |
| 0:06 | Wisp |
| 0:06 | Wisp |
| 0:25 | Altar of Elders |
| 0:36 | Moon Well |
| 0:39 | Moon Well |
| 0:43 | Moon Well |
| 0:55 | Wisp |
| 1:24 | Ancient of War |
| 1:30 | Wisp |
| 1:30 | Wisp |
| 1:42 | Wisp |
| 1:56 | Ancient of War |
| 2:00 | Wisp |
| 2:00 | Wisp |
| 2:37 | Ancient of Wonders |
| 2:39 | Archer |
| 2:41 | Wisp |
| 2:46 | Mana Burn |
| 2:59 | Archer |
| 3:01 | Wisp |
| 3:13 | Archer |
| 3:18 | Archer |
| 3:38 | Archer |
| 3:55 | Archer |
| 4:20 | Boots of Speed |
| 4:30 | Evasion |
| 4:31 | Archer |
| 5:01 | Archer |
| 5:20 | Tree of Ages |
| 6:13 | Moon Well |
| 6:15 | Moon Well |
| 7:10 | Hunter's Hall |
| 7:15 | Archer |
| 8:32 | Glaive Thrower |
| 8:49 | Glaive Thrower |
| 9:09 | Glaive Thrower |
| 9:41 | Glaive Thrower |
| 9:55 | Moon Armor |
| 10:00 | Strength of the Moon |
| 10:23 | Moon Well |
| 10:25 | Moon Well |
| 10:53 | Glaive Thrower |
| 11:34 | Glaive Thrower |
| 11:51 | Glaive Thrower |
| 12:12 | Vorpal Blades |
| 12:49 | Glaive Thrower |
| 13:16 | Scroll of Town Portal |
| 13:25 | Potion of Healing |
| 14:08 | Glaive Thrower |
| 15:25 | Glaive Thrower |
| 15:47 | Glaive Thrower |
| 16:03 | Glaive Thrower |
| 16:25 | Glaive Thrower |
| 16:45 | Glaive Thrower |
| 17:06 | Glaive Thrower |
| 17:11 | Improved Strength of the Moon |
| 17:47 | Glaive Thrower |
| 18:11 | Glaive Thrower |
| 18:54 | Scroll of Town Portal |
| 19:15 | Glaive Thrower |
| Right click | 847 |
| Select group | 537 |
| Select | 230 |
| Assign group | 52 |
| Build/train/purchase | 52 |
| Use ability | 19 |
| Minimap ping | 8 |
| Resource trade | 5 |
| Remove unit | 2 |


| Potion of Healing | 1 | 150 |
| total: | 1 | 150g |
| Peasant | 13 | 975 | / | 0 |
| Footman | 18 | 2430 | / | 0 |
| Priest | 5 | 675 | / | 50 |
| Rifleman | 4 | 820 | / | 120 |
| Sorceress | 3 | 465 | / | 60 |
| Knight | 6 | 1470 | / | 360 |
| Mortar Team | 4 | 720 | / | 280 |
| total: | 53 | 7555g | / | 870w |
| Scout Tower | 4 | 120 | / | 80 |
| Arcane Tower | 2 | 140 | / | 100 |
| Guard Tower | 2 | 140 | / | 100 |
| Altar of Kings | 1 | 180 | / | 50 |
| Farm | 8 | 640 | / | 160 |
| Barracks | 2 | 320 | / | 120 |
| Arcane Vault | 1 | 130 | / | 30 |
| Lumber Mill | 1 | 120 | / | 0 |
| Blacksmith | 1 | 140 | / | 60 |
| Town Hall | 1 | 385 | / | 205 |
| Arcane Sanctum | 1 | 150 | / | 140 |
| Workshop | 2 | 280 | / | 280 |
| Keep | 1 | 320 | / | 210 |
| Castle | 1 | 360 | / | 210 |
| total: | 22 | 2465g | / | 1125w |
| 0:01 | Peasant |
| 0:04 | Altar of Kings |
| 0:11 | Peasant |
| 0:18 | Farm |
| 0:20 | Barracks |
| 0:24 | Peasant |
| 0:42 | Peasant |
| 0:50 | Farm |
| 0:56 | Peasant |
| 1:15 | Peasant |
| 1:21 | Footman |
| 1:31 | Scout Tower |
| 1:34 | Footman |
| 1:41 | Farm |
| 1:49 | Peasant |
| 2:02 | Footman |
| 2:06 | Summon Water Elemental |
| 2:13 | Peasant |
| 2:26 | Footman |
| 2:46 | Footman |
| 2:57 | Arcane Tower |
| 2:58 | Footman |
| 3:06 | Peasant |
| 3:42 | Footman |
| 3:50 | Arcane Vault |
| 3:56 | Farm |
| 3:59 | Lumber Mill |
| 4:03 | Scout Tower |
| 4:29 | Defend |
| 4:33 | Arcane Tower |
| 4:35 | Scout Tower |
| 4:39 | Farm |
| 5:02 | Guard Tower |
| 5:17 | Keep |
| 6:18 | Blacksmith |
| 6:25 | Brilliance Aura |
| 6:34 | Improved Masonry |
| 6:40 | Scout Tower |
| 6:50 | Farm |
| 7:14 | Guard Tower |
| 7:15 | Footman |
| 7:30 | Town Hall |
| 8:17 | Footman |
| 8:25 | Arcane Sanctum |
| 8:27 | Peasant |
| 8:28 | Peasant |
| 8:32 | Footman |
| 9:00 | Footman |
| 9:18 | Holy Light |
| 9:27 | Footman |
| 9:47 | Priest |
| 9:47 | Priest |
| 9:56 | Barracks |
| 10:00 | Peasant |
| 10:00 | Peasant |
| 10:15 | Footman |
| 10:27 | Priest |
| 10:54 | Footman |
| 11:11 | Footman |
| 11:12 | Footman |
| 11:13 | Priest |
| 12:19 | Footman |
| 12:20 | Footman |
| 12:33 | Priest |
| 12:36 | Rifleman |
| 12:36 | Rifleman |
| 12:40 | Improved Lumber Harvesting |
| 12:44 | Castle |
| 13:05 | Sorceress |
| 13:13 | Rifleman |
| 13:19 | Farm |
| 13:22 | Farm |
| 13:37 | Long Rifles |
| 14:02 | Rifleman |
| 14:08 | Sorceress |
| 14:13 | Iron Plating |
| 14:14 | Studded Leather Armor |
| 14:35 | Sorceress |
| 15:13 | Knight |
| 15:14 | Knight |
| 15:17 | Steel Plating |
| 15:47 | Workshop |
| 15:52 | Workshop |
| 17:06 | Knight |
| 17:06 | Knight |
| 17:34 | Potion of Healing |
| 17:57 | Mortar Team |
| 17:58 | Mortar Team |
| 18:53 | Knight |
| 18:54 | Knight |
| 19:02 | Mortar Team |
| 19:03 | Mortar Team |
| Right click | 955 |
| Select | 688 |
| Select group | 442 |
| Misc. action | 193 |
| Build/train/purchase | 91 |
| Assign group | 55 |
| Chat | 45 |
| Resource trade | 29 |
| Use ability | 8 |


| Wisp | 11 | 660 | / | 0 |
| Dryad | 5 | 725 | / | 300 |
| Druid of the Claw | 13 | 3315 | / | 1040 |
| Mountain Giant | 3 | 1050 | / | 300 |
| Forest Troll Shadow Priest | 1 | 195 | / | 10 |
| total: | 33 | 5945g | / | 1650w |
| Moon Well | 8 | 1440 | / | 320 |
| Altar of Elders | 1 | 180 | / | 50 |
| Ancient of Wonders | 1 | 90 | / | 30 |
| Hunter's Hall | 1 | 210 | / | 100 |
| Ancient of Lore | 2 | 310 | / | 290 |
| Tree of Ages | 1 | 320 | / | 180 |
| Tree of Eternity | 1 | 330 | / | 200 |
| total: | 13 | 2230g | / | 790w |
| 0:03 | Wisp |
| 0:03 | Wisp |
| 0:18 | Wisp |
| 0:23 | Moon Well |
| 0:31 | Altar of Elders |
| 0:43 | Wisp |
| 0:59 | Wisp |
| 1:22 | Moon Well |
| 1:26 | Wisp |
| 1:26 | Wisp |
| 2:03 | Tree of Ages |
| 2:26 | Ancient of Wonders |
| 2:33 | Force of Nature |
| 3:55 | Hunter's Hall |
| 4:33 | Wisp |
| 4:33 | Wisp |
| 4:41 | Moon Well |
| 5:02 | Ancient of Lore |
| 5:06 | Ancient of Lore |
| 5:08 | Wisp |
| 5:12 | Thorns Aura |
| 5:30 | Searing Arrows |
| 5:35 | Moon Well |
| 6:07 | Strength of the Wild |
| 6:09 | Wisp |
| 6:19 | Dryad |
| 6:21 | Druid of the Claw |
| 6:40 | Dryad |
| 6:57 | Tree of Eternity |
| 7:00 | Druid of the Claw Adept Training |
| 7:02 | Dryad |
| 8:07 | Dryad |
| 8:27 | Reinforced Hides |
| 8:40 | Druid of the Claw |
| 8:45 | Druid of the Claw |
| 8:54 | Mountain Giant |
| 9:40 | Druid of the Claw Master Training |
| 9:41 | Druid of the Claw |
| 9:53 | Trueshot Aura |
| 10:00 | Druid of the Claw |
| 10:02 | Moon Well |
| 10:05 | Moon Well |
| 10:23 | Mark of the Claw |
| 10:31 | Hardened Skin |
| 11:39 | Druid of the Claw |
| 11:42 | Druid of the Claw |
| 11:47 | Improved Reinforced Hides |
| 12:04 | Moon Well |
| 12:38 | Mountain Giant |
| 12:41 | Druid of the Claw |
| 12:56 | Improved Strength of the Wild |
| 13:01 | Druid of the Claw |
| 13:09 | Forest Troll Shadow Priest |
| 13:27 | Entangling Roots |
| 13:44 | Moon Well |
| 13:45 | Druid of the Claw |
| 13:55 | Dryad |
| 14:55 | Mountain Giant |
| 16:39 | Druid of the Claw |
| 17:06 | Druid of the Claw |
| 18:16 | Druid of the Claw |
| Right click | 581 |
| Select | 202 |
| Build/train/purchase | 60 |
| Misc. action | 42 |
| Chat | 39 |
| Use ability | 12 |
| Resource trade | 8 |
| Assign group | 7 |
| Minimap ping | 7 |
| Remove unit | 2 |
| Select group | 1 |
⇛